 Dungeon Crawl Stone Soup version 0.18.1-50-g88ac8fd (webtiles) character file.

725 hellschwarz the Shield-Bearer (level 8, 0/61 HPs)
             Began as a Formicid Fighter on Sept 14, 2016.
             Engulfed by a cloud of flame (35 damage)
             ... on level 5 of the Dungeon.
             The game lasted 00:24:57 (3376 turns).

hellschwarz the Shield-Bearer (Formicid Fighter)    Turns: 3376, Time: 00:24:57

Health: 0/61       AC: 12    Str: 22    XL:     8   Next: 2%
Magic:  8/8        EV: 10    Int:  8    God:
Gold:   155        SH: 10    Dex: 11    Spells: 0 memorised, 7 levels left

rFire  . . .     SeeInvis +     a - +2 war axe
rCold  . . .     Gourm    .     b - +1 scale mail
rNeg   . . .     Faith    .     c - +0 shield
rPois  .         Spirit   .     (helmet unavailable)
rElec  .         Dismiss  .     i - +0 cloak
rCorr  .         Reflect  .     h - +0 pair of gloves
SustAt .         Harm     .     g - +0 pair of boots
MR     .....                    (no amulet)
Stlth  +.........               (no ring)
                                q - ring of stealth

@: not resistant to hostile enchantments, very unstealthy
A: permanent stasis, dig shafts and tunnels, four strong arms, antennae 3
a: Dig, Shaft Self


You were on level 5 of the Dungeon.
You were not hungry.

You visited 1 branch of the dungeon, and saw 5 of its levels.

You collected 155 gold pieces.

Inventory:

Hand Weapons
 a - a +2 war axe (weapon)
 j - a +0 flail of protection
Armour
 b - a +1 scale mail (worn)
 c - a +0 shield (worn)
 e - a cursed +0 plate armour
 g - a +0 pair of boots (worn)
 h - a +0 pair of gloves (worn)
 i - a +0 cloak (worn)
 p - a +0 ring mail
Jewellery
 q - a ring of stealth (left hand)
Wands
 n - a wand of paralysis (3/24)
Scrolls
 l - a scroll of identify
 o - 3 scrolls of remove curse
 r - a scroll of enchant weapon
Potions
 d - a potion of might
Comestibles
 f - a bread ration
 k - 2 fruits
 m - 3 meat rations


   Skills:
 + Level 4.6 Fighting
 + Level 4.0 Axes
 + Level 5.4 Armour
 + Level 3.4 Dodging
 + Level 5.6 Shields


You had 7 spell levels left.
You didn't know any spells.

Dungeon Overview and Level Annotations

Branches:
Dungeon (5/15)
 Temple: D:4-7

Altars:
Ashenzari
Fedhas
Pakellas


Innate Abilities, Weirdness & Mutations

You are under a permanent stasis effect.
You can dig through walls and to a lower floor.
Your four strong arms can wield two-handed weapons with a shield.
You have a pair of large antennae on your head (SInv).


Message History

A gnoll comes into view. It is wielding a spear.
As you read the scroll labeled YHIURU UMNAPH, it crumbles to dust.
The creatures around you are filled with an inner flame!
It was a scroll of immolation.
The gnoll shouts!
The gnoll hits you but does no damage.
A gnoll comes into view. It is wielding a spear.
You barely miss the gnoll.
The gnoll shouts!
You block the gnoll's attack. The gnoll hits you but does no damage.
You hit the gnoll.
The gnoll is heavily wounded.
The gnoll completely misses you.
A gnoll comes into view. It is wielding a flail.
The gnoll shouts!
You slash the gnoll!
The gnoll explodes!
The fiery explosion engulfs you!
You are engulfed in roaring flames.
Ouch! That really hurt!
You die...

#..........#######
#.....#+##.#
#.....# #.#
#.....# #.#
#.....# #.#
+...).+ ...
####.....# #.#
.........#
###+#'#@§#
.......§§#
.......#§# .....#.
.g ....... ...
###.##. ...g # #.
..### .. ...


You could see 2 gnolls.

Vanquished Creatures
  The ghost of nowai the Stinger, a novice OpWz of Sif Muna (D:5)
  Edmund (D:4)
  A phantom (D:4)
  A hound (D:4)
  Ijyb (D:2)
  An iguana (D:4)
  A worker ant (D:5)
  A hound zombie (D:4)
  2 gnolls (D:5)
  6 adders
  An ooze (D:2)
  2 adder skeletons
  2 worms
  A dart slug (D:2)
  4 giant geckos
  4 orcs
  A ball python (D:2)
  3 bats
  A bat skeleton (D:2)
  A bat zombie (D:2)
  2 giant cockroaches
  10 goblins
  2 hobgoblins (D:2)
  11 jackals
  A quokka (D:2)
  5 giant newts
  A jackal skeleton (D:2)
  7 kobolds
  A quokka skeleton (D:2)
  10 rats
86 creatures vanquished.

Notes
Turn   | Place    | Note
--------------------------------------------------------------
     0 | D:1      | hellschwarz the Formicid Fighter began the quest for the Orb.
     0 | D:1      | Reached XP level 1. HP: 18/18 MP: 1/1
    42 | D:1      | Reached XP level 2. HP: 18/24 MP: 2/2
   459 | D:1      | Reached XP level 3. HP: 25/29 MP: 3/3
  1285 | D:2      | Reached skill level 1 in Dodging
  1285 | D:2      | Reached XP level 4. HP: 36/36 MP: 4/4
  1332 | D:2      | Found a blossoming altar of Fedhas.
  1507 | D:2      | Noticed Ijyb
  1527 | D:2      | Killed Ijyb
  1527 | D:2      | Reached XP level 5. HP: 42/42 MP: 5/5
  1936 | D:3      | Gained mutation: You have sharp fingernails. [potion of mutation]
  1936 | D:3      | Gained mutation: Your system is resistant to poisons. [potion of mutation]
  1936 | D:3      | Gained mutation: Your natural rate of healing is unusually fast. [potion of mutation]
  2551 | D:4      | Reached XP level 6. HP: 46/48 MP: 6/6
  2656 | D:4      | Found an oddly glowing altar of Pakellas.
  2658 | D:4      | Noticed Edmund
  2676 | D:4      | Killed Edmund
  2676 | D:4      | Reached skill level 5 in Shields
  2833 | D:4      | Found a shattered altar of Ashenzari.
  2861 | D:4      | Noticed a phantom
  2891 | D:4      | Killed a phantom
  2891 | D:4      | Reached XP level 7. HP: 37/54 MP: 7/7
  2921 | D:4      | Lost mutation: Your system is resistant to poisons. [potion of cure mutation]
  2921 | D:4      | Lost mutation: You have sharp fingernails. [potion of cure mutation]
  2921 | D:4      | Lost mutation: Your natural rate of healing is unusually fast. [potion of cure mutation]
  3092 | D:5      | Entered Level 5 of the Dungeon
  3092 | D:5      | Noticed nowai's ghost (novice OpWz)
  3115 | D:5      | Killed nowai's ghost
  3115 | D:5      | Reached skill level 5 in Armour
  3367 | D:5      | Reached XP level 8. HP: 61/61 MP: 8/8
  3376 | D:5      | Engulfed by a cloud of flame

Skill      XL: |  1  2  3  4  5  6  7 |
---------------+----------------------+-----
Shields        | 4 5 |  5.6
Dodging        | 1 2 3 |  3.4
Armour         | 4 5 |  5.4
Fighting       | 4 |  4.6
Axes           | 3 4 |  4.0

Action                   |  1- 3 |  4- 6 |  7- 9 || total
-------------------------+-------+-------+-------++-------
Melee: War axe           |   103 |   179 |    37 ||   319
 Abil: Dig               |       |     2 |       ||     2
  Use: Scroll            |     6 |     3 |     1 ||    10
       Potion            |     1 |     4 |     2 ||     7
  Eat: Beef jerky        |     1 |       |     1 ||     2
       Bread ration      |       |     1 |       ||     1
       Royal jelly       |       |     1 |       ||     1
Armor: Scale mail        |    51 |    80 |    19 ||   150
Dodge: Dodged            |    33 |    68 |    13 ||   114
Block: Shield            |    48 |   108 |    23 ||   179
